 Dungeon Crawl Stone Soup version 0.24-a0-335-g06ca16a (webtiles) character file.

Game seed: 10482934510188941466

41101 mhoghedin the Destroyer (level 13, -12/101 HPs)
             Began as a Mummy Wizard on May 19, 2019.
             Was an Elder of Vehumet.
             Mangled by a wyvern (17 damage)
             ... on level 5 of the Lair of Beasts.
             The game lasted 01:09:56 (28391 turns).

mhoghedin the Destroyer (Mummy Wizard)             Turns: 28391, Time: 01:09:56

Health: -12/101    AC:  3    Str: 11    XL:     13   Next: 78%
Magic:  30/34      EV: 16    Int: 24    God:    Vehumet [****..]
Gold:   1084       SH:  4    Dex: 11    Spells: 4/29 levels left

rFire    x . .     SeeInvis .   m - +3 short sword (speed)
rCold    + . .     Gourm    .   r - +0 buckler
rNeg     + + +     Faith    .   e - +0 robe
rPois    ∞         Spirit   .   b - +0 hat
rElec    .         Reflect  .   (no cloak)
rCorr    .         Harm     .   (no gloves)
MR       +....                  g - +0 pair of boots
Stlth    ++........             (no amulet)
HPRegen  0.26/turn              j - ring of magical power {MP+9}
MPRegen  0.24/turn              q - +3 ring of intelligence

@: about to teleport
A: no food or potions, fire vulnerability, cold resistance 1, negative energy
resistance 3, torment resistance, unbreathing, in touch with death 1
a: Renounce Religion


You were on level 5 of the Lair of Beasts.
You worshipped Vehumet.
Vehumet was greatly pleased with you.
You were not hungry.

You visited 2 branches of the dungeon, and saw 16 of its levels.

You collected 1084 gold pieces.

Inventory:

Hand Weapons
 m - a +3 short sword of speed (weapon)
   (You took it off Duvessa on level 6 of the Dungeon)
 z - the +10 hand crossbow "Saxzya Muwi" {elec, Dex+4}
   (You found it on level 3 of the Lair of Beasts)

   It charges the ammunition it shoots with electricity; occasionally upon a
   hit, such missiles may discharge and cause terrible harm.
   It affects your dexterity (+4).
Armour
 b - a +0 hat (worn)
 e - a +0 robe (worn)
   (You found it on level 6 of the Dungeon)
 g - a +0 pair of boots (worn)
   (You found it on level 2 of the Lair of Beasts)
 r - a +0 buckler (worn)
   (You took it off an orc on level 9 of the Dungeon)
Magical Staves
 A - an uncursed staff of wizardry {wiz+, !a}
   (You found it on level 5 of the Lair of Beasts)
Jewellery
 j - a ring of magical power (left hand) {MP+9}
   (You found it on level 5 of the Dungeon)
 k - an uncursed ring of resist corrosion
   (You found it on level 5 of the Dungeon)
 n - a +6 ring of dexterity
   (You found it on level 8 of the Dungeon)
 q - a +3 ring of intelligence (right hand)
   (You found it on level 9 of the Dungeon)
 t - a +1 ring of protection
   (You found it on level 11 of the Dungeon)
 x - an uncursed amulet of faith {Faith, !P}
   (You found it on level 3 of the Lair of Beasts)
 B - an uncursed ring of see invisible {sInv, !d}
   (You found it on level 5 of the Lair of Beasts)
Wands
 l - a wand of polymorph (16)
   (You found it on level 8 of the Dungeon)
 v - a wand of acid (8)
   (You found it on level 2 of the Lair of Beasts)
Scrolls
 a - a scroll of enchant weapon
 c - 7 scrolls of blinking {!r}
 d - 3 scrolls of enchant armour
 f - 3 scrolls of teleportation
 h - 3 scrolls of magic mapping {!r}
 i - 3 scrolls of remove curse
 o - a scroll of silence {unknown}
 w - a scroll of fog
 y - a scroll of immolation {!r}
 C - a scroll of identify
Miscellaneous
 p - a crystal ball of energy
   (You found it on level 10 of the Dungeon)
 s - a phial of floods
   (You found it on level 1 of the Lair of Beasts)
 u - a lamp of fire
   (You found it on level 3 of the Lair of Beasts)


   Skills:
 - Level 9.4 Fighting
 - Level 8.1 Dodging
 - Level 1.5 Stealth
 - Level 4.2 Shields
 + Level 8.6 Spellcasting
 - Level 11.8 Conjurations
 - Level 3.7 Hexes
   Level 1.2 Summonings
 - Level 9.9 Necromancy
 - Level 3.5 Translocations
 - Level 1.9 Fire Magic
 - Level 1.9 Poison Magic


You had 4 spell levels left.
You knew the following spells:

 Your Spells              Type           Power        Failure   Level  Hunger
a - Magic Dart            Conj           ####         1%          1    N/A
b - Blink                 Tloc           N/A          2%          2    N/A
c - Bolt of Draining      Conj/Necr      #######...   1%          5    N/A
d - Conjure Flame         Conj/Fire      #####...     1%          3    N/A
e - Ignite Poison         Fire/Tmut/Pois ###.....     3%          3    N/A
f - Force Lance           Conj/Tloc      #####...     1%          4    N/A
g - Fulminant Prism       Conj/Hex       #####.....   1%          4    N/A
x - Mephitic Cloud        Conj/Pois/Air  ####....     1%          3    N/A

Your spell library contained the following spells:

 Spells                   Type           Power        Failure   Level  Hunger
 Olgreb's Toxic Radiance  Pois           ###.....     7%          4    N/A
 Searing Ray              Conj           ######       1%          2    N/A
 Slow                     Hex            ####....     1%          2    N/A
 Dazzling Spray           Conj/Hex       #####.       1%          3    N/A
 Iskenderun's Mystic Bla  Conj           ######..     1%          4    N/A
 Shroud of Golubria       Chrm/Tloc      ###.......   4%          2    N/A
 Call Imp                 Summ           ###.....     5%          2    N/A
 Infusion                 Chrm           ##..         6%          1    N/A
 Spectral Weapon          Hex/Chrm       ###.....     9%          3    N/A
 Song of Slaying          Chrm           ##......     10%         2    N/A
 Regeneration             Chrm/Necr      Unusable     N/A         3    N/A

Dungeon Overview and Level Annotations

Branches:
Dungeon (11/15)            Temple (0/1) D:7            Lair (5/6) D:11
 Shoals (0/4) Lair:2       Spider (0/4) Lair:4        Slime (0/5) Lair:5
    Orc (0/2) D:9

Altars:
Ashenzari
Cheibriados
Dithmenos
Elyvilon
Kikubaaqudgha
Nemelex Xobeh
Okawaru
Ru
Sif Muna
Vehumet
Wu Jian
Xom
Jiyva

Shops:
D:9 *

Annotations:
D:3 1 transporter
D:9 exclusion: Gastronok, Fannar, Gastronok
D:10 3 runed translucent doors, Zizzle's ghost, journeyman CeHu
Lair:3 3 runed translucent doors, conein's ghost, journeyman DEFE
Lair:5 exclusion: 2 oklob plants


Innate Abilities, Weirdness & Mutations

You do not eat or drink.
Your flesh is vulnerable to fire.
You are immune to poison.
Your flesh is cold resistant. (rC+)
You are immune to negative energy. (rN+++)
You are immune to unholy pain and torment.
You can survive without breathing.
You are in touch with the powers of death.


Message History

Something smites you!
The blast of energy engulfs the meliai!!
You kill the meliai!
Vehumet accepts your kill.
You feel your power returning.
You take 23 damage, and have 45/101 hp.
MASSIVE DAMAGE!!
You regained 2 mp, and now have 27/34 mp.
You start resting.
Things that are here:
a +0 broad axe; a +0 leather armour; Health restored: 101; MP restored: 34 You see here a trident.
You now have 1066 gold pieces (gained 23).
You now have 1084 gold pieces (gained 18). 2 oklob plants come into view.
There are monsters nearby!
You conjure a prism of explosive energy!
You now have 30/34 mp.
Your fulminant prism crackles loudly.
The blast of energy engulfs the oklob plant!
The blast of energy engulfs the oklob plant!!
You hear an angry buzzing noise. x3; You hear an angry hiss.
You hear an angry buzzing noise.
You conjure a prism of explosive energy!
You now have 27/34 mp.
Your fulminant prism crackles loudly.
The oklob plant spits acid at you. The splash of acid hits you!
You are splashed with acid!
The blast of energy engulfs the oklob plant!
The blast of energy engulfs the oklob plant!!
You hear a roar!
You hear an angry buzzing noise.
You hear an angry hiss.
You take 26 damage, and have 75/101 hp.
MASSIVE DAMAGE!!
You conjure a prism of explosive energy!
The oklob plant spits acid at you. The splash of acid hits you!
The acid corrodes you!
You are splashed with acid!!
You take 27 damage, and have 48/101 hp.
MASSIVE DAMAGE!!
You now have 23/34 mp.
The oklob plant spits acid at you. The splash of acid hits you!
You are splashed with acid!
* * * LOW HITPOINT WARNING * * *
Your fulminant prism crackles loudly.
You take 24 damage, and have 24/101 hp.
MASSIVE DAMAGE!!
Vehumet accepts your kill.
You feel your power returning.
You feel a bit more experienced.
You hear an angry buzzing noise.
You regained 4 mp, and now have 28/34 mp.
You start resting.
A killer bee comes into view.
A killer bee comes into view.
You conjure a prism of explosive energy!
The killer bee stings you!
* * * LOW HITPOINT WARNING * * *
You take 10 damage, and have 17/101 hp.
You now have 26/34 mp.
Unknown command.
The killer bee barely misses you. The killer bee closely misses you.
Your fulminant prism crackles loudly.
A killer bee comes into view.
The killer bee barely misses you.
The blast of energy engulfs the killer bee!
You kill the killer bee!
Vehumet accepts your kill.
You feel your power returning.
The blast of energy engulfs the killer bee!!
You kill the killer bee!
Vehumet accepts your kill.
You feel your power returning.
You hear a loud, deep croak!
You hear a roar!
You hear an angry buzzing noise.
You hear an angry hiss.
You hear an angry buzzing noise.
You regained 3 mp, and now have 29/34 mp.
You are no longer corroded.
You conjure a prism of explosive energy!
The killer bee misses you. The killer bee stings you!
* * * LOW HITPOINT WARNING * * *
You take 8 damage, and have 11/101 hp.
You now have 26/34 mp.
Your fulminant prism crackles loudly.
The killer bee closely misses you. The killer bee barely misses you. x2
The blast of energy engulfs the killer bee!
You kill the killer bee!
Vehumet accepts your kill.
You feel your power returning.
You hear a roar!
You hear a trumpeting!
You hear an angry buzzing noise.
You regained 2 mp, and now have 28/34 mp.
An elephant and a wyvern come into view.
A meliai comes into view. It is wielding a +0 hand axe.
The wyvern moves out of view.
The meliai moves out of view.
As you read the scroll of fog, it crumbles to dust.
The scroll dissolves into smoke.
The meliai mumbles some strange prayers to its god against you.
Something smites you!
* * * LOW HITPOINT WARNING * * *
You take 9 damage, and have 5/101 hp.
As you read the scroll of teleportation, it crumbles to dust.
You feel strangely unstable. The wyvern closely misses you.
The wyvern bites you!
You die...

>.≈≈≈..##P#.....## #.##.........#
≈≈≈≈≈..##......## #......†......
≈≈≈≈≈≈.........## ###...........#
≈≈≈≈≈..........P###..........#.#.
≈≈≈≈............P##..........####
≈...P)..†.......###...........###
..............§§###.........).#..
...........y..§§P##..............
#.##..........§§@##..............
#####..)......§§Pl#.....>...##...
#.#........§Y§.§.......###.#..
##............#......#.##.#...
##.................########..
#..................#### #.#.
#...........P.......#.######
##P........##.P...##.#.## #
#P........####.........#


You could see an elephant and a wyvern.

Vanquished Creatures
  4 hydras
  2 catoblepae
  2 two-headed ogres
  5 death yaks
  2 oklob plants
  14 elephants
  2 merfolk sirens (Lair:2)
  2 black mambas
  A gargoyle (D:10)
  8 spiny frogs
  A torpor snail (Lair:3)
  2 rime drakes (Lair:5)
  2 komodo dragons
  2 tyrant leeches (Lair:3)
  A jumping spider (Lair:4)
  2 meliai (Lair:5)
  2 merfolk (Lair:2)
  A hornet (D:10)
  5 hippogriffs
  7 dream sheep (Lair:1)
  12 blink frogs
  A shadow (D:10)
  5 wyverns
  Sigmund (D:6)
  24 yaks
  3 basilisks
  2 hungry ghosts
  A human (D:9)
  2 wargs
  2 soldier ants (D:10)
  11 water moccasins
  A swamp worm (Lair:3)
  Duvessa (D:6)
  9 porcupines
  5 orc warriors
  6 sky beasts
  2 ice beasts
  3 phantoms
  A necrophage (D:5)
  4 ogres
  3 centaurs
  17 wolves
  11 crocodiles
  A big kobold (D:10)
  16 bullfrogs
  A water moccasin zombie (D:6)
  Dowan (D:6)
  A scorpion (D:9)
  31 killer bees
  4 electric eels (D:10)
  3 crimson imps
  7 hounds
  A jelly (D:8)
  A gnoll shaman (D:4)
  3 orc priests
  A bullfrog skeleton (D:10)
  An iguana (D:8)
  7 orc wizards
  5 worker ants
  2 hound zombies
  A howler monkey skeleton (D:4)
  A worker ant zombie (D:8)
  14 adders
  3 gnolls (D:4)
  2 river rats (D:6)
  3 shadow imps
  An ooze (D:4)
  4 adder skeletons
  6 worms
  2 dart slugs
  7 leopard geckos
  36 orcs
  A ball python (D:1)
  7 giant cockroaches
  9 goblins
  7 hobgoblins
  23 jackals
  12 kobolds
  3 quokkas
  12 bats
  3 frilled lizards
  A leopard gecko skeleton (D:4)
  8 rats
  2 fungi (Lair:5)
  A plant (Lair:2)
449 creatures vanquished.

Vanquished Creatures (collateral kills)
  2 orc warriors
  3 bullfrogs (D:7)
  A killer bee (D:7)
  A crimson imp (D:7)
  A quasit (D:7)
  3 orc priests
  An orc wizard (D:9)
  2 iguanas (D:4)
  A statue (D:4)
  A worm (D:2)
  An orc (D:9)
  A giant cockroach (D:1)
  2 jackals (D:1)
  A rat (D:6)
21 creatures vanquished.

Vanquished Creatures (others)
  A centaur (D:6)
  An orc wizard (D:6)
  An adder (D:6)
  A bush (Lair:2)
  86 fulminant prisms
  18 fungi
  21 plants
129 creatures vanquished.

Grand Total: 599 creatures vanquished

Notes
Turn   | Place    | Note
-------+----------+-------------------------------------------
     0 | D:1      | mhoghedin the Mummy Wizard began the quest for the Orb.
     0 | D:1      | Reached XP level 1. HP: 13/13 MP: 5/5
    66 | D:1      | Reached skill level 1 in Conjurations
   250 | D:1      | You fall through a shaft!
   306 | D:2      | Reached XP level 2. HP: 19/19 MP: 1/7
   573 | D:1      | Learned a level 2 spell: Blink
   576 | D:1      | Learned a level 2 spell: Call Imp
  1510 | D:2      | Reached XP level 3. HP: 24/24 MP: 2/9
  1535 | D:2      | Reached skill level 1 in Summonings
  1646 | D:2      | Reached skill level 2 in Conjurations
  1658 | D:2      | Learned a level 3 spell: Conjure Flame
  1662 | D:2      | Learned a level 3 spell: Mephitic Cloud
  1880 | D:2      | Found a faded altar of an unknown god.
  2043 | D:2      | Reached XP level 4. HP: 22/30 MP: 3/10
  2513 | D:2      | Reached skill level 3 in Conjurations
  3029 | D:3      | Reached XP level 5. HP: 35/35 MP: 7/12
  3549 | D:3      | Found a sparkling altar of Nemelex Xobeh.
  3550 | D:3      | Found a transporter.
  3550 | D:3      | Noticed an orc warrior
  3765 | D:4      | Found a shattered altar of Ashenzari.
  3792 | D:4      | Reached skill level 4 in Conjurations
  4118 | D:4      | HP: 1/35 [iguana (13)]
  4461 | D:4      | HP: 1/35 [iguana (10)]
  5026 | D:4      | Noticed a sky beast
  5085 | D:4      | Reached XP level 6. HP: 31/41 MP: 13/13
  5115 | D:4      | Killed a sky beast
  5115 | D:4      | Reached skill level 5 in Conjurations
  5537 | D:4      | Found a shadowy altar of Dithmenos.
  5562 | D:4      | Found a radiant altar of Vehumet.
  5799 | D:4      | Became a worshipper of Vehumet
  5882 | D:5      | Entered Level 5 of the Dungeon
  6272 | D:4      | Reached XP level 7. HP: 40/46 MP: 12/14
  6338 | D:5      | Reached skill level 6 in Conjurations
  7404 | D:6      | Noticed Duvessa
  7404 | D:6      | Noticed Dowan
  7411 | D:6      | Killed Duvessa
  7411 | D:6      | Reached skill level 1 in Fighting
  7411 | D:6      | Reached skill level 2 in Dodging
  7449 | D:6      | Reached skill level 2 in Fighting
  7611 | D:6      | Killed Dowan
  7611 | D:6      | Reached XP level 8. HP: 34/57 MP: 11/15
  7734 | D:6      | Noticed Sigmund
  7753 | D:6      | Killed Sigmund
  7753 | D:6      | Reached skill level 3 in Fighting
  7753 | D:6      | Reached skill level 3 in Dodging
  7823 | D:6      | Reached * piety under Vehumet
  7823 | D:6      | Offered knowledge of Sandblast by Vehumet.
  7939 | D:6      | Found an iron altar of Okawaru.
  8030 | D:6      | Reached skill level 4 in Fighting
  8148 | D:6      | Found a shimmering altar of Xom.
  8165 | D:6      | Reached skill level 4 in Dodging
  8956 | D:6      | Reached skill level 5 in Fighting
  9570 | D:7      | HP: 14/62 [orc warrior/stone (13)]
  9843 | D:7      | Reached skill level 5 in Dodging
  9997 | D:7      | Reached XP level 9. HP: 59/69 MP: 13/16
 10398 | D:7      | Reached skill level 6 in Fighting
 10492 | D:7      | Found an ornate altar of the Wu Jian Council.
 10492 | D:7      | Found an ancient bone altar of Kikubaaqudgha.
 10504 | D:7      | Found a white marble altar of Elyvilon.
 10798 | D:7      | Found a deep blue altar of Sif Muna.
 10798 | D:7      | Found a sacrificial altar of Ru.
 10799 | D:7      | Found a snail-covered altar of Cheibriados.
 10983 | D:7      | Found a staircase to the Ecumenical Temple.
 11133 | D:8      | Noticed a two-headed ogre
 11171 | D:8      | Killed a two-headed ogre
 11171 | D:8      | Reached skill level 7 in Fighting
 11171 | D:8      | Reached skill level 6 in Dodging
 11990 | D:8      | Reached ** piety under Vehumet
 11999 | D:8      | Offered knowledge of Throw Flame by Vehumet.
 12131 | D:8      | Reached skill level 8 in Fighting
 12396 | D:8      | Reached skill level 7 in Dodging
 12836 | D:9      | Reached XP level 10. HP: 34/80 MP: 12/17
 13230 | D:9      | Noticed a two-headed ogre
 13271 | D:9      | Killed a two-headed ogre
 13604 | D:9      | Found a staircase to the Orcish Mines.
 13846 | D:9      | Found Huab's Assorted Antiques.
 13897 | D:9      | Reached skill level 9 in Fighting
 14159 | D:9      | Noticed Gastronok
 14393 | D:10     | Entered Level 10 of the Dungeon
 14539 | D:9      | Reached skill level 1 in Shields
 14706 | D:10     | Noticed Fannar
 14782 | D:10     | Offered knowledge of Inner Flame by Vehumet.
 14960 | D:10     | Reached skill level 2 in Shields
 15132 | D:9      | HP: 20/83 [Fannar/uncursed staff of cold (9)]
 15658 | D:10     | Got a wavering glass ring
 15706 | D:10     | Found a runed translucent gate.
 15706 | D:10     | Found a runed translucent gate.
 15706 | D:10     | Found a runed translucent gate.
 15719 | D:10     | Identified the cursed ring of Veh Nipnuma {rF- EV-3 Str+2
                  | Int+3 Dex+3} (You found it on level 10 of the Dungeon)
 15891 | D:10     | Learned a level 3 spell: Inner Flame
 16059 | D:10     | Reached *** piety under Vehumet
 16081 | D:10     | Reached skill level 3 in Shields
 16638 | D:10     | Learned a level 4 spell: Iskenderun's Mystic Blast
 16658 | D:10     | Reached skill level 4 in Shields
 16781 | D:10     | Reached skill level 7 in Conjurations
 16793 | D:10     | Noticed a gargoyle
 16983 | D:10     | Killed a gargoyle
 17196 | D:10     | Noticed a catoblepas
 17203 | D:10     | HP: 12/83 [catoblepas/blast of calcifying dust (9)]
 17204 | D:10     | Killed a catoblepas
 17204 | D:10     | Reached XP level 11. HP: 14/89 MP: 5/18
 17625 | D:10     | Noticed Zizzle's ghost (journeyman CeHu)
 17660 | D:11     | Reached skill level 8 in Conjurations
 17704 | D:11     | Noticed a death yak
 17867 | D:11     | Noticed a death yak
 17867 | D:11     | Noticed a death yak
 17876 | D:11     | Noticed a death yak
 17877 | D:11     | Killed a death yak
 18110 | D:11     | Noticed a death yak
 18110 | D:11     | Noticed a death yak
 18110 | D:11     | Noticed a six-headed hydra
 18120 | D:10     | Killed a death yak
 18120 | D:10     | Reached skill level 5 in Spellcasting
 18356 | D:10     | Reached skill level 6 in Spellcasting
 18471 | D:10     | Learned a level 4 spell: Force Lance
 18476 | D:10     | Learned a level 4 spell: Fulminant Prism
 18506 | D:11     | Noticed a six-headed hydra
 18507 | D:11     | Found a staircase to the Lair.
 18512 | Lair:1   | Entered Level 1 of the Lair of Beasts
 18546 | Lair:1   | Reached skill level 1 in Translocations
 18738 | Lair:1   | Offered knowledge of Ignite Poison by Vehumet.
 18938 | Lair:1   | Reached skill level 7 in Spellcasting
 18944 | Lair:1   | Learned a level 3 spell: Ignite Poison
 18977 | Lair:1   | Reached skill level 1 in Hexes
 19218 | Lair:1   | Reached skill level 2 in Hexes
 19218 | Lair:1   | Reached skill level 2 in Translocations
 19235 | Lair:1   | Reached skill level 3 in Hexes
 19278 | Lair:1   | Reached skill level 3 in Translocations
 19398 | Lair:1   | Reached **** piety under Vehumet
 19651 | Lair:1   | HP: 19/89 [wyvern (19)]
 19657 | Lair:1   | HP: 9/89 [wyvern (9)]
 20305 | Lair:2   | Noticed a four-headed hydra
 20328 | Lair:2   | Killed a four-headed hydra
 20328 | Lair:2   | Reached skill level 1 in Fire Magic
 20328 | Lair:2   | Reached skill level 1 in Poison Magic
 20469 | Lair:2   | Offered knowledge of Bolt of Draining by Vehumet.
 20721 | Lair:2   | Reached skill level 8 in Spellcasting
 20730 | Lair:1   | Learned a level 5 spell: Bolt of Draining
 20787 | Lair:2   | Noticed an oklob plant
 20800 | Lair:2   | Killed an oklob plant
 20800 | Lair:2   | Reached skill level 1 in Necromancy
 20800 | Lair:2   | Reached XP level 12. HP: 68/95 MP: 22/24
 20990 | Lair:2   | Reached skill level 9 in Conjurations
 20990 | Lair:2   | Reached skill level 2 in Necromancy
 21192 | Lair:2   | Reached skill level 3 in Necromancy
 21211 | Lair:2   | HP: 15/95 [merfolk/boomerang (9)]
 21751 | Lair:2   | Reached skill level 4 in Necromancy
 22288 | Lair:2   | Reached skill level 5 in Necromancy
 22694 | Lair:2   | Found a staircase to the Shoals.
 22974 | Lair:2   | Reached skill level 10 in Conjurations
 22975 | Lair:2   | Reached skill level 6 in Necromancy
 23499 | Lair:3   | Noticed a death yak
 23499 | Lair:3   | Noticed a death yak
 24019 | Lair:3   | Reached ***** piety under Vehumet
 24019 | Lair:3   | Reached skill level 7 in Necromancy
 24021 | Lair:3   | Offered knowledge of Spellforged Servitor by Vehumet.
 24206 | Lair:3   | Noticed a death yak
 24210 | Lair:3   | Killed a death yak
 24211 | Lair:3   | Killed a death yak
 24211 | Lair:3   | Gained mutation: You are in touch with the powers of death.
                  | [Mummy growth]
 24211 | Lair:3   | Reached XP level 13. HP: 101/101 MP: 19/25
 24370 | Lair:3   | Found a runed translucent gate.
 24370 | Lair:3   | Found a runed translucent gate.
 24372 | Lair:3   | Found a runed translucent gate.
 24375 | Lair:3   | Noticed conein's ghost (journeyman DEFE)
 24413 | Lair:3   | Found a viscous altar of Jiyva.
 24963 | Lair:3   | Reached skill level 8 in Necromancy
 24993 | Lair:3   | Identified the +10 hand crossbow "Saxzya Muwi" {elec,
                  | Dex+4} (You found it on level 3 of the Lair of Beasts)
 25203 | Lair:4   | Reached skill level 11 in Conjurations
 25397 | Lair:4   | Found a hole to the Spider Nest.
 25626 | Lair:4   | Reached skill level 9 in Necromancy
 26216 | Lair:4   | Found a sparkling altar of Nemelex Xobeh.
 26591 | Lair:5   | Found a viscous altar of Jiyva.
 26591 | Lair:5   | Found a staircase to the Slime Pits.
 27365 | Lair:5   | Reached skill level 8 in Dodging
 27706 | Lair:5   | Offered knowledge of Olgreb's Toxic Radiance by Vehumet.
 28358 | Lair:5   | HP: 24/101 [acid (15)]
 28369 | Lair:5   | HP: 17/101 [killer bee (10)]
 28377 | Lair:5   | HP: 11/101 [killer bee (8)]
 28390 | Lair:5   | HP: 5/101 [meliai/divine providence (9)]
 28391 | Lair:5   | Mangled by a wyvern

Levels and vault maps discovered:
D:1:      shiori_shiawase, layout_loops_ring
D:2:      layout_loops_ring, chequers_ecumenical_altar_island
D:3:      layout_loops_ring, grunt_nemelex_the_gamble
D:4:      wad_woods_pond, layout_basic, vehumet_statue,
          nicolae_ashenzari_panopticon, first_ration, minmay_misc_feat_hallway,
          grunt_dithmenos_smoke
D:5:      layout_basic
D:6:      layout_basic, xom_confusion_cloud, okawaru_trees_1,
          lightli_sewer_entry_pipes, minmay_crystal_room, uniq_duvessa,
          uniq_sigmund
D:7:      layout_basic, gammafunk_temple_overflow_forgotten,
          gammafunk_temple_overflow_claw, minmay_temple_entry_fiery
D:8:      layout_cave_pods
D:9:      layout_grid_maze, erik_orc_4, serial_shops, shop, uniq_gastronok
D:10:     minmay_tri_box, layout_basic, gammafunk_ghost_spectres,
          hangedman_pestilent_swarm, uniq_fannar
D:11:     layout_basic, dpeg_lair_monsters
Lair:1:   beast_lair_carwin_large_3, layout_regular_city, grunt_megastairs_5
Lair:2:   layout_long_grid, elwin_shoals_entry_stream, grunt_megastairs_3,
          serial_bayou_shore_b, minmay_lair_oklob_chamber, lemuel_fruit_tree
Lair:3:   layout_loops_ring, gammafunk_ghost_ooze, worms_lemuel,
          serial_bayou_shore_b
Lair:4:   layout_cave_pods, spider_nest_entry_rubble, basic_altar
Lair:5:   regret_index_harrowing_hell_hive, layout_cave_pods, slime_altar_1,
          infiniplex_staircase_pool_2

Skill      XL: |  1  2  3  4  5  6  7  8  9 10 11 12 13 |
---------------+----------------------------------------+-----
Conjurations   | 1 2 3 4 5 6 7 8 10 11 | 11.8
Summonings     | 1 |  1.2
Fighting       | 2 5 8 9 |  9.4
Dodging        | 2 5 7 8 |  8.1
Shields        | 4 |  4.2
Spellcasting   | 8 |  8.6
Translocations | 3 |  3.5
Hexes          | 3 |  3.7
Fire Magic     | 1 |  1.9
Poison Magic   | 1 |  1.9
Necromancy     | 1 7 9 |  9.9
Stealth        | |  1.5

Action                   |  1- 3 |  4- 6 |  7- 9 | 10-12 | 13-15 || total
-------------------------+-------+-------+-------+-------+-------++-------
Melee: Mace              |    12 |    27 |    46 |       |       ||    85
       Short sword       |       |       |   120 |   127 |    16 ||   263
 Cast: Magic Dart        |   114 |   178 |   215 |   138 |     6 ||   651
       Call Imp          |     3 |    17 |    48 |     6 |       ||    74
       Mephitic Cloud    |       |     7 |    49 |    32 |     8 ||    96
       Conjure Flame     |       |     5 |    25 |    15 |       ||    45
       Blink             |       |       |     7 |     4 |     2 ||    13
       Iskenderun's Myst |       |       |       |    44 |       ||    44
       Inner Flame       |       |       |       |     1 |       ||     1
       Force Lance       |       |       |       |    58 |     5 ||    63
       Fulminant Prism   |       |       |       |    57 |    29 ||    86
       Ignite Poison     |       |       |       |     4 |     5 ||     9
       Bolt of Draining  |       |       |       |    79 |    94 ||   173
  Use: Scroll            |     2 |     2 |     5 |    10 |     6 ||    25
 Stab: Sleeping          |       |       |     1 |     1 |       ||     2
       Confused          |       |       |     7 |     3 |     1 ||    11
Armor: Robe              |    13 |     4 |    18 |    20 |    14 ||    69
Dodge: Dodged            |    43 |    47 |   175 |   235 |   120 ||   620
Block: Buckler           |       |       |       |    47 |    35 ||    82

Table legend:
 A = Non-vault XP
 B = Vault XP
 C = Vault XP percentage of total XP
 D = Non-vault monster count
 E = Vault monster count
 F = Vault count percentage of total count
                 A         B        C        D         E       F
            +---------+---------+-------+---------+---------+-------
      Total |   44868 |   13848 |  23.6 |     364 |     103 |  22.1
            +---------+---------+-------+---------+---------+-------
        D:1 |      34 |       0 |   0.0 |      23 |       0 |   0.0
        D:2 |     110 |       0 |   0.0 |      31 |       0 |   0.0
        D:3 |     101 |       0 |   0.0 |      28 |       0 |   0.0
        D:4 |     354 |      16 |   4.3 |      18 |       1 |   5.3
        D:5 |     402 |       0 |   0.0 |      21 |       0 |   0.0
        D:6 |     549 |     746 |  57.6 |      20 |      14 |  41.2
        D:7 |    1129 |       0 |   0.0 |      25 |       0 |   0.0
        D:8 |    1798 |       0 |   0.0 |      27 |       0 |   0.0
        D:9 |    1559 |     557 |  26.3 |       9 |      15 |  62.5
       D:10 |    2711 |    2095 |  43.6 |      30 |       8 |  21.1
       D:11 |     845 |     876 |  50.9 |       4 |       1 |  20.0
     Lair:1 |    3742 |    1134 |  23.3 |      19 |      12 |  38.7
     Lair:2 |   10661 |    2337 |  18.0 |      42 |       7 |  14.3
     Lair:3 |    6578 |    1117 |  14.5 |      19 |       4 |  17.4
     Lair:4 |   10098 |     295 |   2.8 |      30 |       1 |   3.2
     Lair:5 |    4197 |    4675 |  52.7 |      18 |      40 |  69.0
            +---------+---------+-------+---------+---------+-------

Levels and vault maps discovered:
D:1:      shiori_shiawase, layout_loops_ring
D:2:      layout_loops_ring, chequers_ecumenical_altar_island
D:3:      layout_loops_ring, grunt_nemelex_the_gamble
D:4:      wad_woods_pond, layout_basic, vehumet_statue,
          nicolae_ashenzari_panopticon, first_ration, minmay_misc_feat_hallway,
          grunt_dithmenos_smoke
D:5:      layout_basic
D:6:      layout_basic, xom_confusion_cloud, okawaru_trees_1,
          lightli_sewer_entry_pipes, minmay_crystal_room, uniq_duvessa,
          uniq_sigmund
D:7:      layout_basic, gammafunk_temple_overflow_forgotten,
          gammafunk_temple_overflow_claw, minmay_temple_entry_fiery
D:8:      layout_cave_pods
D:9:      layout_grid_maze, erik_orc_4, serial_shops, shop, uniq_gastronok
D:10:     minmay_tri_box, layout_basic, gammafunk_ghost_spectres,
          hangedman_pestilent_swarm, uniq_fannar
D:11:     layout_basic, dpeg_lair_monsters
Lair:1:   beast_lair_carwin_large_3, layout_regular_city, grunt_megastairs_5
Lair:2:   layout_long_grid, elwin_shoals_entry_stream, grunt_megastairs_3,
          serial_bayou_shore_b, minmay_lair_oklob_chamber, lemuel_fruit_tree
Lair:3:   layout_loops_ring, gammafunk_ghost_ooze, worms_lemuel,
          serial_bayou_shore_b
Lair:4:   layout_cave_pods, spider_nest_entry_rubble, basic_altar
Lair:5:   regret_index_harrowing_hell_hive, layout_cave_pods, slime_altar_1,
          infiniplex_staircase_pool_2

Table legend:
 A = Turns spent in this place as a percentage of turns spent in the entire game.
 B = Non-inter-level travel turns spent in this place as a percentage of non-inter-level travel turns spent in the entire game.
 C = Inter-level travel turns spent in this place as a percentage of turns spent in this place.
 D = Turns resting spent in this place as a percentage of non-inter-level travel turns spent in this place.
 E = Turns spent auto-exploring this place as a percentage of non-inter-level travel turns spent in this place.
 F = Non-inter-level travel turns spent in this place divided by the number of levels of this place that you've seen.
                   A       B       C       D       E      F
               +-------+-------+-------+-------+-------+----------------------
         Total | 100.0 | 100.0 |   3.2 |  48.5 |  33.7 | 1717.9
       Dungeon |  65.2 |  65.0 |   3.5 |  47.6 |  33.8 | 1623.8
          Lair |  34.8 |  35.0 |   2.6 |  50.1 |  33.5 | 1924.8
               +-------+-------+-------+-------+-------+----------------------

Table legend:
 A = Kills in this place as a percentage of kills in entire the game.
 B = Kills by you in this place as a percentage of kills by you in the entire game.
 C = Kills by friends in this place as a percentage of kills by friends in the entire game.
 D = Other kills in this place as a percentage of other kills in the entire game.
 E = Experience gained in this place as a percentage of experience gained in the entire game.
 F = Experience gained in this place divided by the number of levels of this place that you have seen.
                   A       B       C       D       E      F
               +-------+-------+-------+-------+-------+----------------------
         Total | 100.0 | 100.0 | 100.0 | 100.0 | 100.0 | 3669.8
       Dungeon |  58.9 |  56.4 | 100.0 |  80.0 |  23.6 | 1262.0
          Lair |  41.1 |  43.6 |   0.0 |  20.0 |  76.4 | 8966.8
               +-------+-------+-------+-------+-------+----------------------
